PA
IDAHO FALLS CHUKARS @ GALESBURG GUZZLERS
07/26/2031
 
TOP OF THE 1ST
Idaho Falls Chukars batting - Pitching for Galesburg Guzzlers : LHP Marcos Tejedor
Pitching: LHP Marcos Tejedor
Batting: RHB Petri Kallio 0-0: Called Strike
0-1: Fly out, F6 (Popup, 6MS)
Batting: RHB Paul Evison 0-0: Ball
1-0: Ball
2-0: Ground out 6-3 (Groundball, 56)
Batting: RHB Olaf Esveld 0-0: Ball
1-0: Called Strike
1-1: Ground out 6-3 (Groundball, 6S)
Top of the 1st over - 0 runs, 0 hits, 0 errors, 0 left on base; Idaho Falls 0 - Galesburg 0
BOTTOM OF THE 1ST
Galesburg Guzzlers batting - Pitching for Idaho Falls Chukars : LHP Josh Waymouth
Pitching: LHP Josh Waymouth
Batting: RHB Mei Kim 0-0: Swinging Strike
0-1: Ball
1-1: Foul Ball, location: 2F
1-2: Ball
2-2: SINGLE (Flyball, 8RS)
Batting: RHB Nestor Tantoco 0-0: DOUBLE (Flyball, 8RD)
Mei Kim to third
Batting: RHB Moriz Ayushiev 0-0: Foul Ball, location: 2F
0-1: Ball
1-1: DOUBLE (Flyball, 9LD)
Mei Kim scores
Nestor Tantoco scores
Batting: RHB Don Pokorski 0-0: Called Strike
0-1: Ball
1-1: Ball
2-1: Ball
3-1: Foul Ball, location: 2F
3-2: Ground out 6-3 (Groundball, 56)
Batting: RHB Jeremy Migliorati 0-0: Ball
1-0: Ball
2-0: Ball
3-0: Base on Balls
Batting: RHB Manny Diéguez 0-0: Called Strike
0-1: Swinging Strike
0-2: Strikes out swinging
Batting: RHB Pacu Martic 0-0: Ball
1-0: Ball
2-0: Fly out, F9 (Flyball, 9LM)
Bottom of the 1st over - 2 runs, 3 hits, 0 errors, 2 left on base; Idaho Falls 0 - Galesburg 2
TOP OF THE 2ND
Idaho Falls Chukars batting - Pitching for Galesburg Guzzlers : LHP Marcos Tejedor
Batting: RHB Bill Chaundler 0-0: Foul Ball, location: 2F
0-1: Foul Ball, location: 2F
0-2: Strikes out swinging
Batting: RHB Kupaalani Bakana 0-0: SINGLE (Groundball, 6MD)
Batting: RHB Juan Sánchez 0-0: Grounds into double play, 4-6-3 (Groundball, 34)
Top of the 2nd over - 0 runs, 1 hit, 0 errors, 0 left on base; Idaho Falls 0 - Galesburg 2
BOTTOM OF THE 2ND
Galesburg Guzzlers batting - Pitching for Idaho Falls Chukars : LHP Josh Waymouth
Batting: SHB Dan Gunther 0-0: Ball
1-0: Ball
2-0: Foul Ball, location: 2F
2-1: Swinging Strike
2-2: Strikes out swinging
Batting: RHB Gerald Snow 0-0: SINGLE (Line Drive, 34D)
Batting: RHB Mei Kim 0-0: SINGLE (Line Drive, 78M)
Gerald Snow to second
Batting: RHB Nestor Tantoco 0-0: Swinging Strike
0-1: Called Strike
0-2: Strikes out swinging
Batting: RHB Moriz Ayushiev 0-0: Ball
1-0: SINGLE (Flyball, 7S)
Gerald Snow to third
Mei Kim to second
Runner from 3rd tries for Home, throw and OUT!
Bottom of the 2nd over - 0 runs, 3 hits, 0 errors, 2 left on base; Idaho Falls 0 - Galesburg 2
TOP OF THE 3RD
Idaho Falls Chukars batting - Pitching for Galesburg Guzzlers : LHP Marcos Tejedor
Batting: RHB Phillip Burgess 0-0: Called Strike
0-1: Ball
1-1: Hit by Pitch
Batting: RHB José Vargas 0-0: Grounds into double play, 1-6-3 (Groundball, 13S)
Batting: RHB Falco Opsteegh 0-0: Called Strike
0-1: Swinging Strike
0-2: Ball
1-2: Ball
2-2: Foul Ball, location: 2F
2-2: Strikes out swinging
Top of the 3rd over - 0 runs, 0 hits, 0 errors, 0 left on base; Idaho Falls 0 - Galesburg 2
BOTTOM OF THE 3RD
Galesburg Guzzlers batting - Pitching for Idaho Falls Chukars : LHP Josh Waymouth
Batting: RHB Don Pokorski 0-0: Foul Ball, location: 2F
0-1: Foul Ball, location: 2F
0-2: Ball
1-2: Ball
2-2: Strikes out looking
Batting: RHB Jeremy Migliorati 0-0: Fly out, F4 (Popup, 34S)
Batting: RHB Manny Diéguez 0-0: DOUBLE (Line Drive, 7LM)
Batting: RHB Pacu Martic 0-0: Fly out, F4 (Flyball, 4MD)
Bottom of the 3rd over - 0 runs, 1 hit, 0 errors, 1 left on base; Idaho Falls 0 - Galesburg 2
TOP OF THE 4TH
Idaho Falls Chukars batting - Pitching for Galesburg Guzzlers : LHP Marcos Tejedor
Batting: RHB Petri Kallio 0-0: Ball
1-0: Foul Ball, location: 2F
1-1: Fly out, F7 (Line Drive, 78D)
Now in LF: Andre González
Batting: RHB Paul Evison 0-0: Foul Ball, location: 2F
0-1: Foul Ball, location: 2F
0-2: SINGLE (Line Drive, 4MD)
Batting: RHB Olaf Esveld 0-0: Ball
1-0: Foul Ball, location: 2F
1-1: Called Strike
1-2: Strikes out looking
Batting: RHB Bill Chaundler 0-0: Swinging Strike
0-1: Ground out 6-3 (Groundball, 4MS)
Top of the 4th over - 0 runs, 1 hit, 0 errors, 1 left on base; Idaho Falls 0 - Galesburg 2
BOTTOM OF THE 4TH
Galesburg Guzzlers batting - Pitching for Idaho Falls Chukars : LHP Josh Waymouth
Batting: LHB Andre González 0-0: Ball
1-0: Foul Ball, location: 2F
1-1: Called Strike
1-2: Foul Ball, location: 2F
1-2: Ball
2-2: Ground out 6-3 (Groundball, 6S)
Batting: RHB Gerald Snow 0-0: Swinging Strike
0-1: Foul Ball, location: 2F
0-2: Strikes out swinging
Batting: RHB Mei Kim 0-0: Foul Ball, location: 2F
0-1: Ground out 5-3 (Groundball, 56)
Bottom of the 4th over - 0 runs, 0 hits, 0 errors, 0 left on base; Idaho Falls 0 - Galesburg 2
TOP OF THE 5TH
Idaho Falls Chukars batting - Pitching for Galesburg Guzzlers : LHP Marcos Tejedor
Batting: RHB Kupaalani Bakana 0-0: Ball
1-0: Ball
2-0: Called Strike
2-1: Ball
3-1: SINGLE (Line Drive, 78M)
Batting: RHB Juan Sánchez 0-0: Bunted foul
0-1: Bunted foul
0-2: Ball
1-2: Ball
2-2: Foul Ball, location: 2F
2-2: Ball
3-2: Fly out, F8 (Flyball, 8RXD)
Batting: RHB Phillip Burgess 0-0: Ball
Error on foul ball, E2
1-1: Ground out 5-3 (Groundball, 56S)
Kupaalani Bakana to second
Batting: RHB José Vargas 0-0: Ball
1-0: Ball
2-0: Called Strike
2-1: Foul Ball, location: 2F
2-2: Ball
3-2: Base on Balls
Batting: RHB Falco Opsteegh 0-0: Foul Ball, location: 2F
0-1: Ball
1-1: Called Strike
1-2: Fly out, F6 (Line Drive, 6)
Top of the 5th over - 0 runs, 1 hit, 1 error, 2 left on base; Idaho Falls 0 - Galesburg 2
BOTTOM OF THE 5TH
Galesburg Guzzlers batting - Pitching for Idaho Falls Chukars : LHP Josh Waymouth
Batting: RHB Nestor Tantoco 0-0: Foul Ball, location: 2F
0-1: Foul Ball, location: 2F
0-2: Strikes out looking
Batting: RHB Moriz Ayushiev 0-0: Ball
1-0: Called Strike
1-1: Ground out 6-3 (Groundball, 6)
Batting: RHB Don Pokorski 0-0: Called Strike
0-1: Swinging Strike
0-2: Strikes out looking
Bottom of the 5th over - 0 runs, 0 hits, 0 errors, 0 left on base; Idaho Falls 0 - Galesburg 2
TOP OF THE 6TH
Idaho Falls Chukars batting - Pitching for Galesburg Guzzlers : LHP Marcos Tejedor
Batting: RHB Petri Kallio 0-0: Ball
1-0: SINGLE (Line Drive, 8RS)
Batting: RHB Paul Evison 0-0: Swinging Strike
0-1: Ball
1-1: Ball
2-1: Called Strike
2-2: Ball
3-2: Grounds into double play, 1-6-3 (Groundball, 13)
Batting: RHB Olaf Esveld 0-0: Ball
1-0: Ball
2-0: Foul Ball, location: 2F
2-1: Foul Ball, location: 2F
2-2: Foul Ball, location: 2F
2-2: Foul Ball, location: 2F
2-2: Ball
3-2: Strikes out swinging
Top of the 6th over - 0 runs, 1 hit, 0 errors, 0 left on base; Idaho Falls 0 - Galesburg 2
BOTTOM OF THE 6TH
Galesburg Guzzlers batting - Pitching for Idaho Falls Chukars : LHP Josh Waymouth
Pitching: RHP Román Mejía
Batting: RHB Jeremy Migliorati 0-0: Ball
1-0: Ball
2-0: Called Strike
2-1: Called Strike
2-2: Ball
3-2: Foul Ball, location: 2F
3-2: Foul Ball, location: 2F
3-2: Strikes out looking
Batting: RHB Manny Diéguez 0-0: Fly out, F9 (Flyball, 89M)
Batting: RHB Pacu Martic 0-0: Called Strike
0-1: Ball
1-1: Ball
2-1: Foul Ball, location: 2F
2-2: SINGLE (Line Drive, 9LM)
Batting: LHB Andre González 0-0: Ball
1-0: Fly out, F5 (Popup, 5SF)
Bottom of the 6th over - 0 runs, 1 hit, 0 errors, 1 left on base; Idaho Falls 0 - Galesburg 2
TOP OF THE 7TH
Idaho Falls Chukars batting - Pitching for Galesburg Guzzlers : LHP Marcos Tejedor
Batting: RHB Bill Chaundler 0-0: Ground out 5-3 (Groundball, 56)
Batting: RHB Kupaalani Bakana 0-0: Swinging Strike
0-1: Foul Ball, location: 2F
0-2: Strikes out looking
Batting: RHB Juan Sánchez 0-0: DOUBLE (Flyball, 7LD)
Batting: RHB Phillip Burgess 0-0: Called Strike
0-1: Swinging Strike
0-2: Ball
1-2: Ball
2-2: Ball
3-2: Foul Ball, location: 2F
3-2: Strikes out looking
Top of the 7th over - 0 runs, 1 hit, 0 errors, 1 left on base; Idaho Falls 0 - Galesburg 2
BOTTOM OF THE 7TH
Galesburg Guzzlers batting - Pitching for Idaho Falls Chukars : RHP Román Mejía
Batting: RHB Gerald Snow 0-0: Foul Ball, location: 2F
0-1: Swinging Strike
0-2: Strikes out swinging
Batting: RHB Mei Kim 0-0: DOUBLE (Line Drive, 9LM)
Batting: RHB Nestor Tantoco 0-0: Ball
1-0: Called Strike
1-1: Swinging Strike
1-2: Strikes out swinging
Batting: RHB Moriz Ayushiev 0-0: Swinging Strike
0-1: Ball
1-1: SINGLE (Groundball, 34D)
Mei Kim to third
Runner from 3rd tries for Home, SAFE, no throw
Batting: RHB Don Pokorski 0-0: Foul Ball, location: 2F
0-1: Called Strike
0-2: Strikes out swinging
Bottom of the 7th over - 1 run, 2 hits, 0 errors, 1 left on base; Idaho Falls 0 - Galesburg 3
TOP OF THE 8TH
Idaho Falls Chukars batting - Pitching for Galesburg Guzzlers : LHP Marcos Tejedor
Batting: RHB José Vargas 0-0: Called Strike
0-1: SINGLE (Groundball, 34D)
Pitching: LHP Steve Wortley
Batting: RHB Falco Opsteegh 0-0: Ball
1-0: Ball
Passed Ball!
José Vargas to second
2-0: Ball
3-0: Base on Balls
Batting: RHB Petri Kallio 0-0: Called Strike
0-1: Foul Ball, location: 2F
0-2: Ball
1-2: Fielders Choice at 3rd, U5 (Groundball, 5L)
Falco Opsteegh to second
Batting: RHB Paul Evison 0-0: Foul Ball, location: 2F
0-1: Called Strike
0-2: DOUBLE (Line Drive, 7LM)
Falco Opsteegh scores
Petri Kallio to third
Runner from 3rd tries for Home, SAFE, no throw
Batting: RHB Olaf Esveld 0-0: Ball
1-0: Ball
2-0: Foul Ball, location: 2F
2-1: Ball
3-1: Ground out 1-3 (Groundball, P)
Paul Evison to third
Batting: RHB Bill Chaundler 0-0: Called Strike
0-1: Called Strike
0-2: Ball
1-2: Strikes out looking
Top of the 8th over - 2 runs, 2 hits, 0 errors, 1 left on base; Idaho Falls 2 - Galesburg 3
BOTTOM OF THE 8TH
Galesburg Guzzlers batting - Pitching for Idaho Falls Chukars : RHP Román Mejía
Batting: RHB Jeremy Migliorati 0-0: Foul Ball, location: 2F
0-1: Ball
1-1: Fly out, F7 (Flyball, 7S)
Batting: RHB Manny Diéguez 0-0: Fly out, F6 (Line Drive, 6)
Batting: RHB Pacu Martic 0-0: Ball
1-0: Ground out 6-3 (Groundball, 6)
Bottom of the 8th over - 0 runs, 0 hits, 0 errors, 0 left on base; Idaho Falls 2 - Galesburg 3
TOP OF THE 9TH
Idaho Falls Chukars batting - Pitching for Galesburg Guzzlers : LHP Steve Wortley
Now at 1B: Karl Wade
Batting: RHB Kupaalani Bakana 0-0: Called Strike
0-1: Foul Ball, location: 2F
0-2: SINGLE (Groundball, 6D)
Pinch Runner at 1st Pedro Martínez:
Batting: RHB Juan Sánchez 0-0: Bunted foul
0-1: Sac Bunt - play at first, batter OUT! 1-4
Pedro Martínez to second
Pinch Hitting: RHB Jesús Sosa 0-0: Ball
1-0: Ground out 6-3 (Groundball, 6)
Batting: RHB José Vargas 0-0: Ball
1-0: Ball
2-0: Called Strike
2-1: Called Strike
2-2: Ball
3-2: Base on Balls
Pinch Hitting: RHB Corey Hines 0-0: Called Strike
0-1: Ball
1-1: Swinging Strike
1-2: Foul Ball, location: 2F
1-2: Ball
2-2: Strikes out swinging
Top of the 9th over - 0 runs, 1 hit, 0 errors, 2 left on base; Idaho Falls 2 - Galesburg 3
Tuesday, June 12th, 2018 - OOTP Baseball 18.8 Build 76